AoeStats
← Bruno

Arabia

509698440Analyzed
2v2 RM · 5d ago on Sep 27, 2026· 51m 49s· 4 players
Game mode
Random Map
Map size
Medium (4 player)
Population
200
Speed
Normal
Resources
Standard
Victory
Conquest
Starting age
Dark Age
Ending age
Imperial Age
RankedLock teamsTeams togetherTeam positionsShared explorationLock speedFull tech treeHidden civsTurbo modeCheats
Victory
Defeat
🇹🇷 Teutons · Türkiye
962
+17
🇹🇷 Teutons · Türkiye
945
+18
🇧🇷 Bulgarians · Brazil
995
-18
🇧🇷 Magyars · Brazil
985
-17
Bruno
6:44 Loom
9:40 Feudal Age
10:09 Double-Bit Axe
10:06 Horse Collar
20:38 Castle Age
19:51 Forging
19:41 Scale Mail Armor
22:51 Iron Casting
23:10 Gambesons
24:47 Chain Mail Armor
25:07 Squires
29:49 Gold Mining
29:49 Stone Mining
30:40 Pikeman
31:08 Arson
32:19 Heavy Plow
32:38 Bow Saw
33:59 Fletching
41:28 Gold Shaft Mining
42:24 Scale Barding Armor
45:03 Chain Barding Armor
45:35 Wheelbarrow
44:47 Town Watch
48:44 Elite Skirmisher
NiicKeD
6:52 Loom
9:21 Feudal Age
9:53 Double-Bit Axe
14:00 Horse Collar
20:50 Castle Age
19:48 Gold Mining
20:10 Scale Barding Armor
21:00 Bloodlines
25:35 Chain Barding Armor
28:57 Wheelbarrow
29:56 Husbandry
36:38 Imperial Age
33:59 Town Watch
38:01 Plate Barding Armor
39:34 Conscription
39:15 Corvinian Army
41:18 Hand Cart
41:20 Bow Saw
41:14 Heavy Plow
41:09 Stone Mining
44:16 Gold Shaft Mining
50:30 Fletching
50:37 Pikeman
51:29 Scale Mail Armor
TlHsn <3
1:18 Loom
11:56 Feudal Age
13:44 Horse Collar
16:29 Double-Bit Axe
21:06 Castle Age
20:08 Padded Archer Armor
19:58 Fletching
22:02 Crossbowman
26:09 Gold Mining
27:54 Ballistics
30:00 Heavy Plow
30:41 Leather Archer Armor
30:22 Bodkin Arrow
32:14 Wheelbarrow
37:16 Imperial Age
39:14 Bow Saw
39:21 Hand Cart
41:03 Two-Man Saw
40:26 Cavalier
41:14 Scale Barding Armor
41:19 Forging
42:30 Chain Barding Armor
42:07 Paladin
44:33 Plate Barding Armor
49:40 Ring Archer Armor
49:45 Iron Casting
48:53 Man-at-Arms
49:18 Gambesons
49:50 Long Swordsman
51:45 Heavy Mounted Crossbowman
MY
8:19 Loom
10:26 Feudal Age
14:16 Wheelbarrow
13:28 Double-Bit Axe
13:24 Horse Collar
16:25 Bloodlines
27:49 Castle Age
26:09 Forging
26:04 Scale Barding Armor
28:52 Hand Cart
29:44 Bow Saw
29:38 Heavy Plow
29:32 Gold Mining
33:33 Iron Casting
33:42 Chain Barding Armor
41:38 Imperial Age
41:45 Cavalier
43:56 Blast Furnace
43:48 Plate Barding Armor
46:20 Paladin
Connection lost

Rejoining the realm…

Still unreachable

The connection could not be restored.

Session expired

The server has moved on; the page needs a fresh start.